 Dungeon Crawl Stone Soup version 0.19.5 (webtiles) character file.

14588 JeffiDaFish the Blocker (level 12, 0/77 HPs)
             Began as a Gargoyle Fighter on Sept 26, 2017.
             Was a High Priest of Okawaru.
             Slain by a swamp worm (6 damage)
             ... on level 2 of the Lair of Beasts on Sept 27, 2017.
             The game lasted 00:25:31 (11501 turns).

JeffiDaFish the Blocker (Gargoyle Fighter)         Turns: 11501, Time: 00:25:33

Health: 0/77       AC: 21    Str: 26    XL:     12   Next: 18%
Magic:  15/15      EV: 11    Int:  9    God:    Okawaru [*****.]
Gold:   565        SH: 15    Dex: 16    Spells: 0 memorised, 11 levels left

rFire  . . .     SeeInvis .     u - +4 morningstar
rCold  . . .     Gourm    .     k - +0 chain mail
rNeg   + . .     Faith    .     d - +2 shield
rPois  ∞         Spirit   .     (no helmet)
rElec  +         Reflect  .     x - +0 cloak
rCorr  .         Harm     .     (no gloves)
MR     .....                    a - +2 pair of boots
Stlth  ..........               (no amulet)
                                l - ring of Xamalo {+Fly Str+7}
                                z - +3 ring of dexterity

@: no status effects
A: deformed body, deterioration 1, negative energy resistance 1, electricity
resistance, weak 1, unbreathing, petrification resistance, rot immunity, AC +8
a: Heroism, Finesse, Renounce Religion, Evoke Flight


You were on level 2 of the Lair of Beasts.
You worshipped Okawaru.
Okawaru was extremely pleased with you.
You were not hungry.

You visited 3 branches of the dungeon, and saw 12 of its levels.
You also visited: Sewer.

You collected 565 gold pieces.

Inventory:

Hand Weapons
 u - a +4 morningstar (weapon)
Armour
 a - a +2 pair of boots (worn)
 d - a +2 shield (worn)
 k - a +0 chain mail (worn)
 x - a +0 cloak (worn)
Jewellery
 l - the ring of Xamalo (right hand) {+Fly Str+7}
   (You found it on level 2 of the Lair of Beasts)

   [ring of flight]

   It affects your strength (+7).
   It lets you fly.
 n - a +1 ring of protection
 z - a +3 ring of dexterity (left hand)
Scrolls
 g - 6 scrolls of teleportation
 m - 3 scrolls of identify
 p - a scroll of fear
 r - 4 scrolls of recharging
 t - 5 scrolls of remove curse
 y - a scroll of fog
Potions
 e - 2 potions of curing
 q - a potion of resistance
Comestibles
 b - 8 fruits
 f - 9 bread rations
 h - 4 meat rations
 i - a royal jelly
 j - 10 slices of pizza
 o - 5 beef jerkies


   Skills:
 * Level 9.9 Fighting
 * Level 9.3 Maces & Flails
 * Level 10.3 Armour
 + Level 5.0 Dodging
 - Level 0.2 Stealth
 * Level 10.5 Shields
 + Level 5.3 Invocations


You had 11 spell levels left.
You didn't know any spells.

Dungeon Overview and Level Annotations

Branches:
Dungeon (9/15)             Temple (1/1) D:5            Lair (2/6) D:9
  Swamp: Lair:2-4    Shoals: Lair:2-4     Snake: Lair:2-4    Spider: Lair:2-4
    Orc: D:9-12

Altars:
Ashenzari
Cheibriados
Dithmenos
Elyvilon
Fedhas
Gozag
Hepliaklqana
Kikubaaqudgha
Makhleb
Nemelex Xobeh
Okawaru
Qazlal
Ru
Sif Muna
Trog
Uskayaw
Vehumet
Xom
Yredelemnul
Zin
The Shining One

Shops:
D:2 *


Innate Abilities, Weirdness & Mutations

You are resistant to torment.
Your stone body is resilient. (AC +8)
You are immune to poison.
You resist negative energy. (rN+)
You are resistant to electric shocks. (rElec)
You can survive without breathing.
You are immune to petrification.
You are immune to rotting.
Armour fits poorly on your strangely shaped body.
Your body sometimes deteriorates upon taking damage.
You are weak. (Str -2)


Message History

The swamp worm bites you!
* * * LOW HITPOINT WARNING * * *
You are too injured to fight recklessly!
Unknown command.
You are too injured to fight recklessly!
Unknown command.
You are too injured to fight recklessly!
Unknown command.
You are too injured to fight recklessly!
Unknown command.
You are too injured to fight recklessly!
You are too injured to fight recklessly!
The swamp worm bites you.
* * * LOW HITPOINT WARNING * * *
The swamp worm closely misses you. The swamp worm bites you.
* * * LOW HITPOINT WARNING * * *
You block the swamp worm's attack. The swamp worm bites you!
* * * LOW HITPOINT WARNING * * *
The swamp worm bites you.
You die...

.P....#...P......# #... #.
##.....###PP#.#...P ....##P.
.##...............P
#...#.P.+#...................
#..........≈≈≈≈≈≈≈............#
.....#...≈≈≈ ≈≈≈≈≈≈≈...†.......
....#...≈≈≈#######≈≈≈.........P
.#......≈≈P#≈≈ww≈##≈≈.........#
##.....##≈≈≈†††@w≈)#≈≈#.##......
.......P.≈≈P#≈≈ww≈##≈≈######.÷..
..+......††≈≈#######≈≈≈≈≈..#P...#
..#.......†≈≈≈≈≈≈≈≈≈≈≈.##..##...#
........###..≈≈≈≈≈≈≈.......##...#
.........#P......≈#.....P..#.....
................###....##...#...#
..#.....#...#### #........##....
...#....###### .....##.###...#


You could see 5 swamp worms.

Vanquished Creatures
  A hydra (Lair:1)
  The ghost of JeffiDaFish the Blocker, a journeyman GrFi of Okawaru (Lair:1)
  4 black mambas
  The ghost of Barfbag the Cudgeler, a novice GrGl of Elyvilon (D:9)
  4 spiny frogs
  4 blink frogs (Lair:2)
  3 hippogriffs
  A wyvern (D:8)
  A yak (D:7)
  3 hogs (D:7)
  3 basilisks
  A human (D:7)
  Menkaure (D:4)
  A swamp worm (Lair:2)
  7 water moccasins
  8 porcupines
  Purgy (Sewer)
  2 phantoms
  2 sky beasts
  9 ogres
  5 ice beasts
  2 orc warriors
  A black bear (D:9)
  A necrophage (D:9)
  5 wolves (Lair:1)
  5 centaurs
  4 crocodiles
  9 bullfrogs
  2 scorpions
  15 wights
  2 crimson imps
  A bullfrog zombie (D:8)
  A jelly (D:7)
  6 orc priests
  5 hounds
  A centaur skeleton (D:6)
  13 orc wizards
  10 iguanas
  7 worker ants
  A killer bee zombie (D:5)
  2 hound skeletons
  A worker ant zombie (D:8)
  9 gnolls
  A howler monkey skeleton (D:6)
  12 adders
  3 river rats (D:9)
  2 shadow imps
  An adder skeleton (D:6)
  2 adder zombies
  14 worms
  2 dart slugs
  3 leopard geckos
  36 orcs
  8 giant cockroaches
  14 goblins
  8 hobgoblins
  10 jackals
  12 kobolds
  5 quokkas
  5 ball pythons
  9 bats
  8 frilled lizards
  A quokka skeleton (D:8)
  13 rats
335 creatures vanquished.

Vanquished Creatures (others)
  3 fungi
  2 plants (Lair:2)
5 creatures vanquished.

Grand Total: 340 creatures vanquished

Notes
Turn   | Place    | Note
-------+----------+-------------------------------------------
     0 | D:1      | JeffiDaFish the Gargoyle Fighter began the quest for the Orb.
     0 | D:1      | Reached XP level 1. HP: 14/14 MP: 1/1
   154 | D:1      | Reached XP level 2. HP: 19/19 MP: 2/2
   826 | D:2      | Reached XP level 3. HP: 24/24 MP: 3/3
   891 | D:2      | Found a radiant altar of Vehumet.
  1213 | D:2      | Reached XP level 4. HP: 29/29 MP: 4/4
  1266 | D:2      | Found a basalt altar of Yredelemnul.
  1266 | D:2      | Found a glowing silver altar of Zin.
  1395 | D:2      | Found Gozag's Platinum Reserve.
  1395 | D:2      | Found an opulent altar of Gozag.
  1971 | D:3      | Reached XP level 5. HP: 20/33 MP: 5/5
  2167 | D:3      | Found a blossoming altar of Fedhas.
  2270 | D:3      | Reached skill level 1 in Dodging
  2362 | D:3      | Reached XP level 6. HP: 29/38 MP: 6/6
  3071 | D:4      | Found a glowing drain.
  3077 | Sewer    | Entered a sewer
  3100 | Sewer    | Noticed Purgy
  3105 | Sewer    | Killed Purgy
  3105 | Sewer    | Reached skill level 5 in Shields
  3392 | D:4      | Reached skill level 5 in Armour
  3421 | D:4      | Noticed an ice beast
  3431 | D:4      | Killed an ice beast
  3431 | D:4      | Reached XP level 7. HP: 30/44 MP: 7/7
  3626 | D:4      | Found a shadowy altar of Dithmenos.
  3719 | D:4      | Noticed Menkaure
  3731 | D:4      | Killed Menkaure
  3731 | D:4      | Reached skill level 5 in Fighting
  3757 | D:4      | Reached XP level 8. HP: 25/49 MP: 8/8
  4270 | D:5      | Entered Level 5 of the Dungeon
  4352 | D:5      | Reached skill level 5 in Maces & Flails
  4962 | D:5      | Found a staircase to the Ecumenical Temple.
  4969 | Temple   | Entered the Ecumenical Temple
  5462 | D:6      | Reached XP level 9. HP: 45/55 MP: 9/9
  6053 | D:6      | Found an iron altar of Okawaru.
  6158 | D:6      | Became a worshipper of Warmaster Okawaru
  6176 | D:6      | Found an ancient bone altar of Kikubaaqudgha.
  6735 | D:7      | Gained mutation: You are weak. (Str -2) [potion of mutation]
  6735 | D:7      | Gained mutation: Armour fits poorly on your strangely shaped body. [potion of mutation]
  6735 | D:7      | Gained mutation: Your body sometimes deteriorates upon taking damage. [potion of mutation]
  6815 | D:7      | Reached skill level 1 in Invocations
  6823 | D:7      | Reached * piety under Okawaru
  6836 | D:7      | Reached XP level 10. HP: 42/63 MP: 11/11
  7404 | D:8      | Reached ** piety under Okawaru
  7473 | D:8      | Found a snail-covered altar of Cheibriados.
  8242 | D:9      | Reached *** piety under Okawaru
  8580 | D:9      | Found a staircase to the Lair.
  8658 | D:9      | Found a shattered altar of Ashenzari.
  8742 | D:9      | Noticed Barfbag's ghost (novice GrGl)
  8760 | D:9      | Killed Barfbag's ghost
  8815 | D:9      | Reached XP level 11. HP: 69/69 MP: 13/13
  8864 | D:9      | Reached **** piety under Okawaru
  9742 | Lair:1   | Entered Level 1 of the Lair of Beasts
 10121 | Lair:1   | Reached ***** piety under Okawaru
 10544 | Lair:1   | Noticed JeffiDaFish's ghost (journeyman GrFi)
 10576 | Lair:1   | Killed JeffiDaFish's ghost
 10752 | Lair:1   | Reached skill level 10 in Shields
 10910 | Lair:1   | Noticed an eight-headed hydra
 10920 | Lair:1   | Killed an eight-headed hydra
 10920 | Lair:1   | Received a gift from Okawaru
 10960 | Lair:2   | Reached skill level 10 in Armour
 10998 | Lair:2   | Received a gift from Okawaru
 11001 | Lair:2   | Got a polished demon whip {god gift}
 11002 | Lair:2   | Identified the +7 demon whip "Fytyoxza" {pain, *Noise MP+9 Dex+2 Stlth+} (Okawaru gifted it to you on level 2 of the Lair of Beasts)
 11065 | Lair:2   | Reached skill level 5 in Invocations
 11152 | Lair:2   | Reached XP level 12. HP: 60/77 MP: 15/15
 11220 | Lair:2   | Reached skill level 5 in Dodging
 11418 | Lair:2   | Got a fine brass ring
 11419 | Lair:2   | Identified the ring of Xamalo {+Fly Str+7} (You found it on level 2 of the Lair of Beasts)
 11501 | Lair:2   | Slain by a swamp worm

Skill      XL: |  1  2  3  4  5  6  7  8  9 10 11 12 |
---------------+-------------------------------------+-----
Shields        | 4 5 6 8 9 10 | 10.5
Armour         | 4 5 6 7 9 10 | 10.3
Maces & Flails | 3 4 5 6 7 9 |  9.3
Fighting       | 4 5 6 7 8 9 |  9.9
Dodging        | 1 2 3 4 5 |  5.0
Invocations    | 1 3 5 |  5.3
Stealth        | |  0.2

Action                   |  1- 3 |  4- 6 |  7- 9 | 10-12 || total
-------------------------+-------+-------+-------+-------++-------
Melee: Flail             |   126 |   269 |   172 |       ||   567
       Morningstar       |       |       |   128 |   759 ||   887
Invok: Finesse           |       |       |       |     5 ||     5
       Heroism           |       |       |       |     2 ||     2
  Use: Scroll            |     5 |     9 |     3 |     6 ||    23
       Potion            |     2 |     4 |     6 |     5 ||    17
  Eat: Chunk             |     1 |     8 |    12 |    14 ||    35
       Royal jelly       |       |       |       |     1 ||     1
Armor: Scale mail        |    76 |     3 |       |       ||    79
       Chain mail        |       |   206 |   160 |   377 ||   743
Dodge: Dodged            |    46 |   106 |    72 |   221 ||   445
Block: Shield            |    79 |   195 |   167 |   505 ||   946
